 Dungeon Crawl Stone Soup version 0.22.1-6-g1668fe2c40 (webtiles) character file.

154 NochnoyZador the Cudgeler (level 5, -2/32 HPs)
             Began as a Gargoyle Fighter on Jan 21, 2019.
             Was an Initiate of Trog.
             Slain by Pikel
             ... wielding a +2 whip of freezing
              (6 damage)
             ... on level 4 of the Dungeon.
             The game lasted 00:05:30 (2603 turns).

NochnoyZador the Cudgeler (Gargoyle Fighter)        Turns: 2603, Time: 00:05:31

Health: -2/32      AC: 10    Str: 20    XL:     5   Next: 36%
Magic:  5/5        EV:  7    Int:  9    God:    Trog [......]
Gold:   120        SH:  9    Dex:  9    Spells: 4/4 levels left

rFire    . . .     SeeInvis .   h - +4 whip
rCold    . . .     Gourm    .   c - +0 shield
rNeg     + . .     Faith    .   b - +0 scale mail
rPois    ∞         Spirit   .   (no helmet)
rElec    +         Reflect  .   (no cloak)
rCorr    .         Harm     .   (no gloves)
MR       .....                  (no boots)
Stlth    ..........             (no amulet)
HPRegen  0.10/turn              (no ring)
MPRegen  0.09/turn              (no ring)

@: no status effects
A: negative energy resistance 1, electricity resistance, unbreathing,
petrification resistance, rot immunity, AC +4
a: Renounce Religion


You were on level 4 of the Dungeon.
You worshipped Trog.
Trog was noncommittal.
You were hungry.

You visited 1 branch of the dungeon, and saw 4 of its levels.

You collected 120 gold pieces.

Inventory:

Hand Weapons
 a - a +0 flail
 h - a +4 whip (weapon)
Missiles
 e - 46 stones (quivered)
Armour
 b - a +0 scale mail (worn)
 c - a +0 shield (worn)
Jewellery
 r - a cursed ring of attention {unknown}
Scrolls
 i - 2 scrolls of fog {unknown}
 j - a scroll of random uselessness {unknown}
 m - 3 scrolls of teleportation {unknown}
 n - 2 scrolls of fear {unknown}
 o - a scroll of remove curse {unknown}
 p - a scroll of enchant weapon {unknown}
Potions
 d - a potion of might
 k - a potion of ambrosia {unknown}
 l - 3 potions of flight {unknown}
 q - 2 potions of invisibility {unknown}
 s - a potion of curing {unknown}
Comestibles
 f - 4 rations
 g - a chunk of flesh


   Skills:
 - Level 3.2 Fighting
 * Level 5.4 Maces & Flails
 - Level 3.2 Armour
 - Level 3.2 Shields


You had 4 spell levels left.
You didn't know any spells.
Your spell library was empty.

Dungeon Overview and Level Annotations

Branches:
Dungeon (4/15)
 Temple: D:4-7

Altars:
Ashenzari
Cheibriados
Dithmenos
Elyvilon
Fedhas
Hepliaklqana
Kikubaaqudgha
Nemelex Xobeh
Ru
Sif Muna
Trog
Yredelemnul

Annotations:
D:2 2 transporters
D:4 Pikel


Innate Abilities, Weirdness & Mutations

You are resistant to torment.
Your stone body is resilient. (AC +4)
You are immune to poison.
You resist negative energy. (rN+)
You are resistant to electric shocks. (rElec)
You can survive without breathing.
You are immune to petrification.
You are immune to rotting.


Message History

Pikel is lightly wounded.
The slave hits you but does no damage.
Pikel says, "Why not give up?
You'll get fed.
Maybe."
You block Pikel's attack.
You hit Pikel.
Pikel is lightly wounded.
The slave hits you but does no damage. You block Pikel's attack.
You hit Pikel.
Pikel is moderately wounded.
The slave hits you.
You hit Pikel.
Pikel is moderately wounded.
Pikel hits you with a whip of freezing.
* * * LOW HITPOINT WARNING * * *
Pikel freezes you.
* * * LOW HITPOINT WARNING * * *
You hit Pikel.
Pikel is heavily wounded.
You block the slave's attack. Pikel hits you with a whip of freezing.
You die...

...# ..#
....# ..#.##
..#..# #.#..#
#.#..# #
#.#.@#.#
#.####.#.pKp#
#......#.#p.#
######...#..#
#.###..# #<#
..# ### #.#
>.


You could see Pikel and 3 slaves.

Vanquished Creatures
  An orc wizard (D:3)
  5 adders
  A shadow imp (D:3)
  An ooze (D:2)
  2 worms (D:2)
  2 dart slugs
  5 orcs (D:3)
  A ball python (D:1)
  2 giant cockroaches
  7 goblins
  3 hobgoblins
  4 jackals (D:3)
  6 kobolds
  A quokka (D:2)
  5 bats
  4 frilled lizards
  A leopard gecko skeleton (D:3)
  7 rats
58 creatures vanquished.

Notes
Turn   | Place    | Note
-------+----------+-------------------------------------------
     0 | D:1      | NochnoyZador the Gargoyle Fighter began the quest for the
                  | Orb.
     0 | D:1      | Reached XP level 1. HP: 14/14 MP: 1/1
   184 | D:1      | Reached XP level 2. HP: 19/19 MP: 2/2
   437 | D:1      | Reached skill level 3 in Maces & Flails
   898 | D:2      | Reached XP level 3. HP: 23/23 MP: 3/3
   993 | D:2      | Reached skill level 4 in Maces & Flails
  1038 | D:2      | Reached XP level 4. HP: 28/28 MP: 4/4
  1160 | D:2      | Found a transporter.
  1161 | D:2      | Found an ancient bone altar of Kikubaaqudgha.
  1161 | D:2      | Noticed a bullfrog
  1197 | D:2      | Found a transporter.
  1197 | D:2      | Found a basalt altar of Yredelemnul.
  1570 | D:3      | Found a shattered altar of Ashenzari.
  1637 | D:3      | Found a shadowy altar of Dithmenos.
  1654 | D:3      | Found a white marble altar of Elyvilon.
  1654 | D:3      | Found a sparkling altar of Nemelex Xobeh.
  1654 | D:3      | Found a snail-covered altar of Cheibriados.
  1654 | D:3      | Found a bloodstained altar of Trog.
  1655 | D:3      | Found a hazy altar of Hepliaklqana.
  1676 | D:3      | Became a worshipper of Trog the Wrathful
  1758 | D:3      | Found a white marble altar of Elyvilon.
  1859 | D:3      | Reached skill level 5 in Maces & Flails
  1859 | D:3      | Reached XP level 5. HP: 9/32 MP: 5/5
  1874 | D:3      | HP: 1/32 [orc/flail (1)]
  2507 | D:3      | Found a deep blue altar of Sif Muna.
  2508 | D:3      | Found a sacrificial altar of Ru.
  2512 | D:3      | Found a blossoming altar of Fedhas.
  2586 | D:4      | Noticed a slave
  2586 | D:4      | Noticed Pikel
  2588 | D:4      | Noticed a slave
  2588 | D:4      | Noticed a slave
  2588 | D:4      | Noticed a slave
  2603 | D:4      | Slain by Pikel

Skill      XL: |  1  2  3  4 |
---------------+-------------+-----
Maces & Flails | 3 4 5 |  5.4
Fighting       | |  3.2
Armour         | |  3.2
Shields        | |  3.2

Action                   |  1- 3 |  4- 6 || total
-------------------------+-------+-------++-------
Melee: Flail             |    12 |       ||    12
       Whip              |    68 |   136 ||   204
  Eat: Chunk             |       |     5 ||     5
Armor: Scale mail        |    34 |    44 ||    78
Dodge: Dodged            |    15 |    26 ||    41
Block: Shield            |    22 |    61 ||    83
